 Dungeon Crawl Stone Soup version v3.01-hellcrawl-74-g7a863a7 (webtiles) character file.

4 Kook the Fighter (level 11, -2/82 HPs) *CASUAL*
             Began as a Demonspawn Gladiator on Apr 28, 2017.
             Was an Elder of Hepliaklqana.
             Slain by a death yak (15 damage)
             ... on level 10 of the Dungeon.
             The game lasted 00:26:56 (7421 turns).

Kook the Fighter (Demonspawn Gladiator)             Turns: 7421, Time: 00:26:56

Health: -2/82      AC: 10 (14%)Str: 16  XL:     11   Next: 63%
Magic:  11/11      EV: 15    Int: 10    God:    Hepliaklqana [****..]
Gold:   597        SH:  0    Dex: 16    Spells: 10/10 levels left

rFire    . . .     SeeInvis .   a - +0 long sword
rCold    . . .     Faith    .   (no shield)
rNeg     . . .     Spirit   .   b - +0 leather armour
rPois    .         Reflect  .   c - +0 helmet
rElec    .                      (no cloak)
rCorr    .                      m - +2 pair of gloves
MR       .....                  u - +1 pair of boots
Stlth    ++........             (no amulet)
Regen    0.3/turn               (no ring)
MPRegen  0.2/turn               (no ring)

@: no status effects
A: reduced essence, hooves 1, repulsion field 1, nightstalker 1, spiny 2
a: Recall Ancestor, Ancestor Identity, Transference, Idealise, Renounce Religion


You were on level 10 of the Dungeon.
You worshipped Hepliaklqana.
Hepliaklqana was greatly pleased with you.
You were not hungry.

You visited 1 branch of the dungeon, and saw 10 of its levels.
You also visited: Ossuary.

You collected 597 gold pieces.

Inventory:

Hand Weapons
 a - a +0 long sword (weapon)
 g - a +1 hunting sling of freezing
Missiles
 e - 77 bolts
 i - 3537 stones (quivered)
 k - 767 arrows
 n - 18 curare darts
 q - 428 sling bullets
 D - 102 poisoned darts
Armour
 b - a +0 leather armour (worn)
 c - a +0 helmet (worn)
 m - a +2 pair of gloves (worn)
 u - a +1 pair of boots (worn)
Jewellery
 l - an uncursed ring of see invisible
 w - an uncursed ring of poison resistance
Wands
 B - a wand of lightning (7)
 G - a wand of acid (12)
 H - a wand of disintegration (11)
Scrolls
 d - 2 scrolls of teleportation
 j - 2 scrolls of enchant weapon
 o - a scroll of fog
 p - 6 scrolls of amnesia
 t - a scroll of fear
 y - 2 scrolls of magic mapping
 E - 2 scrolls of summoning
 I - a scroll of blinking
Potions
 f - 3 potions of agility
 h - a potion of brilliance
 r - 2 potions of haste
 s - 4 potions of curing
 v - 5 potions of might
 x - a potion of cancellation
 z - a potion of flight
 A - 2 potions of magic
 C - a potion of berserk rage
 F - a potion of heal wounds


   Skills:
 * Level 10.8 Fighting
 * Level 10.5 Long Blades
 + Level 3.9(5.4) Slings
 - Level 5.7(6.3) Throwing
 + Level 7.0 Armour
 - Level 2.6 Dodging


You had 10 spell levels left.
You didn't know any spells.

Dungeon Overview and Level Annotations

Branches:
Dungeon (10/15)

Altars:
Cheibriados
Dithmenos
Elyvilon
Gozag
Hepliaklqana
Kikubaaqudgha
Makhleb
Nemelex Xobeh
Qazlal
Ru
Sif Muna
Trog
Uskayaw
Vehumet
Xom
Yredelemnul
Zin
The Shining One

Shops:
D:7 *

Annotations:
D:7 1 runed door


Innate Abilities, Weirdness & Mutations

You have large cloven feet.
You are surrounded by a mild repulsion field. (EV +2)
You are slightly more attuned to the shadows.
You are mostly covered in sharp spines.
Your life essence is reduced. (-10% HP)


Message History

The death yak is struck by your spines. The death yak gores you (18)!!
An orc and a troll come into view.
Wield which item (- for none, * to show all)? (? for menu, Esc to quit)
Your +1 hunting sling of freezing stops glowing.
a - a +0 long sword (weapon)
The orc shouts!
You hit the death yak (3).
The death yak is moderately wounded.
The death yak gores you (6).
A two-headed ogre comes into view. It is wielding two +0 giant clubs.
You are too injured to fight recklessly!
You are too injured to fight recklessly!
You hit the death yak (6).
The death yak is moderately wounded.
The death yak gores you (24)!!
* * * LOW HITPOINT WARNING * * *
You hit the death yak but do no damage.
The death yak is moderately wounded.
The death yak is struck by your spines. The death yak gores you (15)!
You die...

#########
........####
...........###
.............#
####.###.....#
#. #.....# #
##.##.... #@#
### #Y#
..(....#
.###.oYW
....T.o
.......Yo
........Oo.
...........o


You could see 3 death yaks, a two-headed ogre, a troll, an angry ghost and an
orc warrior.

Vanquished Creatures
  A two-headed ogre (D:9)
  Pikel (D:5)
  Grinder (D:4)
  A black mamba zombie (D:10)
  4 yaks (D:9)
  2 wyverns (D:7)
  An angry ghost (D:9)
  Menkaure (D:8)
  A water moccasin (D:8)
  2 black bears (D:9)
  2 ice beasts
  A spiny frog skeleton (D:9)
  A phantom (D:8)
  3 ogres
  A centaur (D:9)
  2 water moccasin zombies (Ossuary)
  3 scorpions
  3 crimson imps
  3 killer bees (D:9)
  A wight (D:7)
  2 quasits
  Crazy Yiuf (D:3)
  2 jellies
  3 hounds
  2 orc wizards
  4 worker ants (D:5)
  An iguana (D:4)
  A big kobold zombie (Ossuary)
  A mummy (Ossuary)
  4 gnolls (D:5)
  6 adders
  3 shadow imps
  An ooze (D:2)
  2 adder zombies (Ossuary)
  11 orcs
  4 quokkas
  2 giant cockroaches
  14 goblins
  9 hobgoblins
  8 jackals
  5 kobolds
  3 ball pythons
  7 bats
  4 frilled lizards
  A gnoll zombie (Ossuary)
  8 hobgoblin zombies (Ossuary)
  3 kobold zombies (Ossuary)
  6 orc zombies (Ossuary)
  6 rats
159 creatures vanquished.

Vanquished Creatures (collateral kills)
  Joseph (D:7)
  2 yaks (D:9)
  An orc warrior (D:7)
  A black bear (D:7)
  A spiny frog skeleton (D:8)
  A centaur (D:7)
  A bullfrog (D:7)
  A water moccasin zombie (Ossuary)
  A scorpion (D:7)
  A crimson imp (D:8)
  2 wights (D:7)
  A centaur zombie (D:6)
  An orc priest (D:5)
  A jelly (D:6)
  A gnoll shaman (D:5)
  A worker ant (D:6)
  3 iguanas
  2 big kobold zombies (Ossuary)
  A mummy (Ossuary)
  2 gnolls (D:5)
  An adder zombie (Ossuary)
  6 orcs
  2 quokkas
  A giant cockroach (D:5)
  A gnoll zombie (Ossuary)
  A hobgoblin (D:4)
  2 hobgoblin zombies (Ossuary)
  2 kobold zombies (Ossuary)
  An orc zombie (Ossuary)
43 creatures vanquished.

Vanquished Creatures (others)
  A bullfrog skeleton (D:5)
  A battlemage (D:10)
  An ancestor (D:3)
3 creatures vanquished.

Grand Total: 205 creatures vanquished

Notes
Turn   | Place    | Note
-------+----------+-------------------------------------------
     0 | D:1      | Kook the Demonspawn Gladiator began the quest for the Orb.
     0 | D:1      | Reached XP level 1. HP: 16/16 MP: 1/1
   183 | D:1      | Gained mutation: You are partially covered in sharp spines. [demonic ancestry]
   183 | D:1      | Reached XP level 2. HP: 22/22 MP: 2/2
   278 | D:1      | Reached skill level 1 in Armour
   282 | D:1      | Reached XP level 3. HP: 16/27 MP: 3/3
   555 | D:2      | Reached XP level 4. HP: 34/34 MP: 4/4
   580 | D:2      | Found a bloodstained altar of Trog.
   662 | D:2      | Found a snail-covered altar of Cheibriados.
   717 | D:2      | Found a sparkling altar of Nemelex Xobeh.
  1118 | D:3      | Found a faded altar of an unknown god.
  1123 | D:3      | Became a worshipper of Hepliaklqana the Forgotten
  1123 | D:3      | Reached * piety under Hepliaklqana
  1186 | D:3      | Noticed an ogre
  1199 | D:3      | Killed an ogre
  1199 | D:3      | Reached XP level 5. HP: 3/37 MP: 5/5
  1199 | D:3      | Gained mutation: You are slightly more attuned to the shadows. [demonic ancestry]
  1199 | D:3      | Reached XP level 6. HP: 4/43 MP: 6/6
  1498 | D:3      | Found a radiant altar of Vehumet.
  1525 | D:3      | Found a hazy altar of Hepliaklqana.
  1580 | D:3      | Found a runed door.
  1584 | D:3      | Noticed Crazy Yiuf
  1590 | D:3      | Killed Crazy Yiuf
  1991 | D:4      | Reached XP level 7. HP: 44/49 MP: 7/7
  2169 | D:4      | Noticed Grinder
  2177 | D:4      | Reached skill level 5 in Long Blades
  2184 | D:4      | Killed Grinder
  2184 | D:4      | Reached skill level 5 in Fighting
  2184 | D:4      | Gained mutation: You are surrounded by a mild repulsion field. (EV +2) [demonic ancestry]
  2184 | D:4      | Reached XP level 8. HP: 30/56 MP: 8/8
  2492 | D:4      | Reached ** piety under Hepliaklqana
  2507 | D:4      | Found an ancient bone altar of Kikubaaqudgha.
  2508 | D:4      | Remembered your ancestor Servia as a battlemage
  2657 | D:5      | Entered Level 5 of the Dungeon
  2758 | D:5      | Noticed Pikel
  2785 | D:5      | Killed Pikel
  2785 | D:5      | Gained mutation: You have large cloven feet. [demonic ancestry]
  2785 | D:5      | Reached XP level 9. HP: 55/64 MP: 9/9
  2809 | D:5      | Found a sacrificial altar of Ru.
  3195 | D:6      | Reached skill level 5 in Throwing
  3201 | D:6      | Found a stormy altar of Qazlal.
  3219 | D:6      | Found a shadowy altar of Dithmenos.
  3346 | D:6      | Reached *** piety under Hepliaklqana
  3480 | D:6      | Found a sand-covered staircase.
  3485 | Ossuary  | Entered an ossuary
  3565 | Ossuary  | Reached skill level 5 in Armour
  3871 | D:6      | Found a burning altar of Makhleb.
  4165 | D:6      | Found a glowing silver altar of Zin.
  4320 | D:7      | Gained mutation: You are mostly covered in sharp spines. [demonic ancestry]
  4320 | D:7      | Reached XP level 10. HP: 72/73 MP: 10/10
  4872 | D:7      | Found an opulent altar of Gozag.
  4887 | D:7      | Found Gozag's Platinum Reserve.
  4927 | D:7      | Found a hide-covered altar of Uskayaw.
  4928 | D:7      | Noticed Joseph
  4951 | D:7      | Killed Joseph
  4951 | D:7      | Reached skill level 1 in Slings
  5314 | D:7      | Found a basalt altar of Yredelemnul.
  5316 | D:7      | Found a deep blue altar of Sif Muna.
  5317 | D:7      | Found a white marble altar of Elyvilon.
  5317 | D:7      | Found a shimmering altar of Xom.
  5319 | D:7      | Found a glowing golden altar of the Shining One.
  5446 | D:7      | Found a runed door.
  5446 | D:7      | Found a white marble altar of Elyvilon.
  5446 | D:7      | Noticed an angel
  5701 | D:8      | Noticed Menkaure
  5709 | D:8      | Killed Menkaure
  6612 | D:9      | Reached **** piety under Hepliaklqana
  6651 | D:9      | Reached XP level 11. HP: 81/81 MP: 11/11
  6682 | D:9      | Noticed a two-headed ogre
  6685 | D:9      | Killed a two-headed ogre
  6685 | D:9      | Reached skill level 10 in Fighting
  6694 | D:9      | Reached skill level 10 in Long Blades
  7059 | D:9      | Found a shadowy altar of Dithmenos.
  7381 | D:10     | Entered Level 10 of the Dungeon
  7405 | D:10     | Noticed a death yak
  7414 | D:10     | Noticed a death yak
  7416 | D:10     | Noticed a death yak
  7420 | D:10     | Noticed a two-headed ogre
  7421 | D:10     | Slain by a death yak

Skill      XL: |  1  2  3  4  5  6  7  8  9 10 11 |
---------------+----------------------------------+-----
Throwing       | 2 3 4 5 |  5.7
Armour         | 1 2 3 4 5 6 7 |  7.0
Long Blades    | 3 4 5 7 8 9 10 | 10.5
Fighting       | 3 4 5 7 8 9 10 | 10.8
Slings         | 2 3 |  3.9
Dodging        | |  2.6

Action                   |  1- 3 |  4- 6 |  7- 9 | 10-12 || total
-------------------------+-------+-------+-------+-------++-------
Melee: Long sword        |    42 |    57 |   217 |   121 ||   437
 Fire: Hunting sling     |    18 |    30 |       |    64 ||   112
Throw: Stone             |       |       |       |     1 ||     1
Invok: Ancestor Identity |       |     1 |       |       ||     1
       Ancestor Life: Ba |       |       |     1 |       ||     1
Evoke: Wand              |       |       |       |     2 ||     2
 Stab: Sleeping          |       |     1 |     4 |     4 ||     9
       Distracted        |       |       |     4 |       ||     4
Armor: Leather armour    |    17 |    17 |    43 |    27 ||   104
Dodge: Dodged            |    22 |    24 |   115 |    66 ||   227
